General information
- name: BNet
- type: Ladder team game (AT/RT)
- host: Battle.net
- saver: dIRTMCWORDUp
map: BloodstoneMesa
- players: 6
- length: 03:26
- speed: Fast
- version: 1.21 W3XP
- replay type:

» download(21 KB)
Players
team 1 (winner)
dIRTMCWORDUp (
purple | 69 APM | 239 actions | 03:26)
1 Keeper of the Grove
1 Entangling Roots
» actions
| Assign group hotkey | 1 | |
| Basic commands | 2 | |
| Build / train | 16 | |
| Enter build submenu | 9 | |
| Enter hero's abilities submenu | 1 | |
| Right click | 126 | |
| Select / deselect | 50 | |
| Select group hotkey | 22 | |
| Use ability | 12 | |
239 total
» units
» buildings
| Altar of Elders | 1 | |
| Moon Well | 2 | |
| Ancient of War | 3 | |
6 total
» build order
00:02 Altar of Elders
00:18 Moon Well
00:52 Ancient of War
02:02 Ancient of War
02:28 Moon Well
03:01 Ancient of War

»
iggy_the_fisk (
blue | 71 APM | 243 actions | 03:24)
1 Death Knight
1 Death Coil
» actions
| Assign group hotkey | 11 | |
| Build / train | 12 | |
| Enter build submenu | 6 | |
| Enter hero's abilities submenu | 1 | |
| Right click | 155 | |
| Select / deselect | 33 | |
| Select group hotkey | 19 | |
| Use ability | 6 | |
243 total
» units
» buildings
| Crypt | 1 | |
| Ziggurat | 3 | |
| Altar of Darkness | 1 | |
| Graveyard | 1 | |
6 total
» build order
00:05 Crypt
00:07 Ziggurat
00:32 Altar of Darkness
01:02 Ziggurat
02:33 Graveyard
02:50 Ziggurat
Mata. (
green | 129 APM | 439 actions | 03:24)
1 Archmage
1 Summon Water Elemental
» actions
| Assign group hotkey | 43 | |
| Build / train | 19 | |
| Enter build submenu | 13 | |
| Enter hero's abilities submenu | 1 | |
| Right click | 226 | |
| Select / deselect | 95 | |
| Select group hotkey | 26 | |
| Use ability | 16 | |
439 total
» units
» buildings
| Altar of Kings | 1 | |
| Barracks | 1 | |
| Farm | 2 | |
| Lumber Mill | 1 | |
| Scout Tower | 4 | |
| Guard Tower | 2 | |
11 total
» build order
00:06 Altar of Kings
00:19 Barracks
00:34 Farm
01:14 Lumber Mill
01:26 Farm
03:00 Scout Tower
03:18 Guard Tower
03:19 Scout Tower
03:20 Scout Tower
03:21 Scout Tower
team 2 (loser)
CRUSTY.WAFFlE (
teal | 58 APM | 199 actions | 03:24)
1 Death Knight
1 Death Coil
» actions
| Assign group hotkey | 16 | |
| Build / train | 10 | |
| Enter build submenu | 9 | |
| Enter hero's abilities submenu | 2 | |
| Right click | 92 | |
| Select / deselect | 26 | |
| Select group hotkey | 34 | |
| Use ability | 10 | |
199 total
» units
| Acolyte | 2 | |
| Ghoul | 1 | |
| Crypt Fiend | 3 | |
6 total
» buildings
| Graveyard | 1 | |
| Crypt | 1 | |
| Altar of Darkness | 1 | |
| Ziggurat | 2 | |
| Tomb of Relics | 1 | |
6 total
» build order
00:11 Graveyard
00:13 Crypt
00:19 Altar of Darkness
00:40 Ziggurat
01:00 Tomb of Relics
01:52 Ziggurat
» items
| Rod of Necromancy | 1 | |
| Dust of Appearance | 1 | |
2 total
RanDoM.WaFFlE (
pink | 42 APM | 143 actions | 03:24)
1 Keeper of the Grove
1 Entangling Roots
» actions
| Assign group hotkey | 1 | |
| Build / train | 11 | |
| Enter build submenu | 6 | |
| Enter hero's abilities submenu | 1 | |
| Right click | 65 | |
| Select / deselect | 48 | |
| Select group hotkey | 1 | |
| Use ability | 10 | |
143 total
» units
» buildings
| Altar of Elders | 1 | |
| Moon Well | 2 | |
| Hunter's Hall | 1 | |
| Ancient of War | 2 | |
6 total
» build order
00:17 Altar of Elders
00:31 Moon Well
00:45 Moon Well
01:49 Hunter's Hall
02:10 Ancient of War
02:32 Ancient of War
SHABBY.WAFFlE (
yellow | 37 APM | 126 actions | 03:24)
1 Priestess of the Moon
1 Scout
» actions
| Build / train | 17 | |
| Enter build submenu | 5 | |
| Enter hero's abilities submenu | 1 | |
| Right click | 69 | |
| Select / deselect | 28 | |
| Use ability | 6 | |
126 total
» units
» buildings
| Altar of Elders | 1 | |
| Moon Well | 1 | |
| Hunter's Hall | 1 | |
| Ancient of War | 2 | |
5 total
» build order
00:06 Altar of Elders
00:18 Moon Well
02:36 Hunter's Hall
02:38 Ancient of War
02:38 Ancient of War
Chat log
(00:09 / Allies) dIRTMCWORDUp: yes
(00:09 / Allies) Mata.: aow it
(00:16 / Allies) Mata.: prayin for ne...
(00:24 / Allies) iggy_the_fisk: theoretically feedinga nd giving mata all responsibility seemed like a good idea
(00:35 / Allies) dIRTMCWORDUp: nah they countered it hard
(00:39 / Allies) dIRTMCWORDUp: early scout guy got web fast
(00:59 / Allies) Mata.: send sum more
(01:02 / Allies) dIRTMCWORDUp: i am
(01:05 / Allies) dIRTMCWORDUp: my well/altar are going
(01:27 / Allies) dIRTMCWORDUp: is he tav hero.
(01:33 / Allies) dIRTMCWORDUp: nope just noob
(01:51 / Allies) Mata.: doesnt look feed either
(01:53 / Allies) Mata.: cause 2 wells
(01:54 / Allies) Mata.: but could be wrong
(02:01 / Allies) Mata.: scout tho